ACL
ACL NEW YORK (A) YANKEES @ ACL COLORADO ROCKIES
05/23/2042
 
TOP OF THE 1ST
ACL New York (A) Yankees batting - Pitching for ACL Colorado Rockies : RHP Jeremy Collier
Pitching: RHP Jeremy Collier
Batting: RHB Ken Bell 0-0: Ball
1-0: Hit by Pitch
Batting: LHB Oliver Rivera 0-0: Ball
1-0: Bunt missed!
1-1: Bunt missed!
1-2: Ball
2-2: Ball
3-2: DOUBLE (Flyball, 8RXD, EV 97.5 MPH)
Ken Bell to third
Batting: RHB Joe von Hof 0-0: Called Strike
0-1: Ball
1-1: Ball
2-1: Ball
3-1: Base on Balls
Batting: SHB Juan Castillo 0-0: Ball
1-0: Called Strike
1-1: Swinging Strike
1-2: Strikes out swinging
Batting: RHB Steve Murray 0-0: Swinging Strike
0-1: Foul Ball, location: 5F
0-2: Strikes out swinging
Batting: RHB Tim Holloway 0-0: Ball
1-0: Called Strike
1-1: Ball
2-1: Foul Ball, location: 23F
2-2: DOUBLE (Line Drive, 5D, EV 95.0 MPH)
Ken Bell scores
Oliver Rivera scores
Joe von Hof to third
Batting: RHB Ben Cook 0-0: Ball
1-0: Foul Ball, location: 25FF
1-1: 3-RUN HOME RUN (Flyball, 7D, EV 93.1 MPH), Distance : 357 ft
Batting: RHB Bob Kjeldsen 0-0: Foul Ball, location: 3FF
0-1: Ball
1-1: Ball
2-1: Foul Ball, location: 9LMF
2-2: Ball
3-2: Foul Ball, location: 2F
3-2: Fly out, F9 (Flyball, 89M, EV 98.1 MPH)
Top of the 1st over - 5 runs, 3 hits, 0 errors, 0 left on base; ACL New York (A) 5 - ACL Colorado 0
BOTTOM OF THE 1ST
ACL Colorado Rockies batting - Pitching for ACL New York (A) Yankees : LHP Josh Allen
Pitching: LHP Josh Allen
Batting: RHB Cliff Mobley 0-0: Ball
1-0: Foul Ball, location: 9LDF
1-1: Called Strike
1-2: Ball
2-2: Strikes out looking
Batting: RHB Luis Penhascos 0-0: Ball
1-0: Called Strike
1-1: Foul Ball, location: 5SF
1-2: Strikes out swinging
Batting: RHB Marcello Mansvelt 0-0: SOLO HOME RUN (Flyball, 7D, EV 97.5 MPH), Distance : 378 ft
Batting: RHB Luis Díaz 0-0: Called Strike
0-1: Foul Ball, location: 2F
0-2: Ball
1-2: Ball
2-2: Strikes out swinging
Bottom of the 1st over - 1 run, 1 hit, 0 errors, 0 left on base; ACL New York (A) 5 - ACL Colorado 1
TOP OF THE 2ND
ACL New York (A) Yankees batting - Pitching for ACL Colorado Rockies : RHP Jeremy Collier
Batting: RHB Luis Barrón 0-0: Called Strike
0-1: Ball
1-1: Swinging Strike
1-2: Foul Ball, location: 5F
1-2: Foul Ball, location: 2F
1-2: Strikes out swinging
Batting: RHB Ken Bell 0-0: Called Strike
0-1: Ball
1-1: Ball
2-1: Ball
3-1: Called Strike
3-2: Foul Ball, location: 5FF
3-2: Base on Balls
Batting: LHB Oliver Rivera 0-0: Ball
1-0: Ball
2-0: 2-RUN HOME RUN (Flyball, 9D, EV 98.8 MPH), Distance : 365 ft
Batting: RHB Joe von Hof 0-0: Ball
1-0: Foul Ball, location: 5FF
1-1: Ball
2-1: DOUBLE (Groundball, 5L, EV 105.0 MPH)
Pitching: RHP Jim Unknown
Batting: SHB Juan Castillo 0-0: Swinging Strike
0-1: Swinging Strike
0-2: Hit by Pitch
Batting: RHB Steve Murray 0-0: Ball
Joe von Hof steals 3rd base
Juan Castillo to second
1-0: Ball
2-0: Ball
3-0: Base on Balls
Batting: RHB Tim Holloway 0-0: Called Strike
0-1: Ball
1-1: Swinging Strike
1-2: Strikes out swinging
Batting: RHB Ben Cook 0-0: Foul Ball, location: 3F
0-1: Ball
1-1: Foul Ball, location: 23F
1-2: Ball
2-2: Strikes out swinging
Top of the 2nd over - 2 runs, 2 hits, 0 errors, 3 left on base; ACL New York (A) 7 - ACL Colorado 1
BOTTOM OF THE 2ND
ACL Colorado Rockies batting - Pitching for ACL New York (A) Yankees : LHP Josh Allen
Batting: LHB Reginald Daniels 0-0: Ball
1-0: Ball
2-0: Foul Ball, location: 5F
2-1: Ball
3-1: Base on Balls
Batting: RHB Kevin Hutchison 0-0: Ball
1-0: Ball
2-0: Ball
3-0: Base on Balls
Reginald Daniels to second
Batting: RHB Jim Unknown 0-0: Ball
Wild Pitch!
Reginald Daniels to third
Kevin Hutchison to second
1-0: Called Strike
1-1: Swinging Strike
1-2: Strikes out swinging
Batting: LHB Gus Edwards 0-0: Ball
1-0: Swinging Strike
1-1: Foul Ball, location: 5F
1-2: Fly out, F7 (Flyball, 78S, EV 88.1 MPH)
Batting: RHB Jeremy Collier 0-0: Ball
1-0: Called Strike
1-1: Ball
2-1: Called Strike
2-2: Ball
3-2: Strikes out looking
Bottom of the 2nd over - 0 runs, 0 hits, 0 errors, 2 left on base; ACL New York (A) 7 - ACL Colorado 1
TOP OF THE 3RD
ACL New York (A) Yankees batting - Pitching for ACL Colorado Rockies : RHP Jim Unknown
Batting: RHB Bob Kjeldsen 0-0: Foul Ball, location: 2F
0-1: Called Strike
0-2: Ball
1-2: Foul Ball, location: 9LDF
1-2: Ball
2-2: Ball
3-2: Base on Balls
Batting: RHB Luis Barrón 0-0: Called Strike
0-1: Swinging Strike
0-2: Ball
1-2: Strikes out swinging
Batting: RHB Ken Bell 0-0: Foul Ball, location: 23F
0-1: Ball
1-1: Ball
2-1: Called Strike
2-2: Strikes out swinging
Batting: LHB Oliver Rivera 0-0: Fielders Choice at 2nd, U4 (Groundball, 4M, EV 78.8 MPH)
Top of the 3rd over - 0 runs, 0 hits, 0 errors, 1 left on base; ACL New York (A) 7 - ACL Colorado 1
BOTTOM OF THE 3RD
ACL Colorado Rockies batting - Pitching for ACL New York (A) Yankees : LHP Josh Allen
Batting: RHB Cliff Mobley 0-0: Foul Ball, location: 9LDF
0-1: Ball
1-1: Foul Ball, location: 9LMFF
1-2: Foul Ball, location: 2F
1-2: Foul Ball, location: 2F
1-2: Strikes out swinging
Batting: RHB Luis Penhascos 0-0: Ground out 6-3 (Groundball, 56, EV 105.0 MPH)
Batting: RHB Marcello Mansvelt 0-0: Fly out, F8 (Line Drive, 78S, EV 91.3 MPH)
Bottom of the 3rd over - 0 runs, 0 hits, 0 errors, 0 left on base; ACL New York (A) 7 - ACL Colorado 1
TOP OF THE 4TH
ACL New York (A) Yankees batting - Pitching for ACL Colorado Rockies : RHP Jim Unknown
Batting: RHB Joe von Hof 0-0: Ball
1-0: Swinging Strike
1-1: Called Strike
1-2: Ball
2-2: Foul Ball, location: 9LMF
2-2: Foul Ball, location: 9LDF
2-2: Foul Ball, location: 9LDF
2-2: Foul Ball, location: 25FF
2-2: Strikes out swinging
Batting: SHB Juan Castillo 0-0: Swinging Strike
0-1: Fly out, F7 (Flyball, 7D, EV 92.5 MPH)
Batting: RHB Steve Murray 0-0: Ball
1-0: Ball
2-0: Called Strike
2-1: Ball
3-1: Base on Balls
Batting: RHB Tim Holloway 0-0: Called Strike
0-1: Foul Ball, location: 9LMF
0-2: Ball
1-2: Strikes out swinging
Top of the 4th over - 0 runs, 0 hits, 0 errors, 1 left on base; ACL New York (A) 7 - ACL Colorado 1
BOTTOM OF THE 4TH
ACL Colorado Rockies batting - Pitching for ACL New York (A) Yankees : LHP Josh Allen
Batting: RHB Luis Díaz 0-0: Called Strike
0-1: Ball
1-1: Swinging Strike
1-2: Strikes out looking
Batting: LHB Reginald Daniels 0-0: Called Strike
0-1: Swinging Strike
0-2: Ball
1-2: Foul Ball, location: 3DF
1-2: Foul Ball, location: 5F
1-2: Ball
2-2: Foul Ball, location: 3DF
2-2: Ball
3-2: Foul Ball, location: 3FF
3-2: Foul Ball, location: 2F
3-2: Foul Ball, location: 7LMF
3-2: Foul Ball, location: 2F
3-2: Base on Balls
Batting: RHB Kevin Hutchison 0-0: Called Strike
0-1: Ball
1-1: Ball
2-1: Ball
3-1: Base on Balls
Reginald Daniels to second
Batting: RHB Jim Unknown 0-0: Reached on error, E5 (Groundball, 56, EV 91.9 MPH)
Reginald Daniels to third
Kevin Hutchison to second
Batting: LHB Gus Edwards 0-0: Ball
1-0: Swinging Strike
1-1: Swinging Strike
1-2: Strikes out swinging
Batting: RHB Jeremy Collier 0-0: Called Strike
0-1: Ball
1-1: Ball
2-1: Swinging Strike
2-2: Ball
3-2: Foul Ball, location: 23F
3-2: Strikes out swinging
Bottom of the 4th over - 0 runs, 0 hits, 1 error, 3 left on base; ACL New York (A) 7 - ACL Colorado 1
TOP OF THE 5TH
ACL New York (A) Yankees batting - Pitching for ACL Colorado Rockies : RHP Jim Unknown
Batting: RHB Ben Cook 0-0: Foul Ball, location: 9LSF
0-1: Foul Ball, location: 2F
0-2: Ball
1-2: Ball
2-2: Ground out 6-3 (Groundball, 6, EV 100.0 MPH)
Pitching: RHP Jim Unknown
Batting: RHB Bob Kjeldsen 0-0: Called Strike
0-1: Foul Ball, location: 2F
0-2: Strikes out swinging
Batting: RHB Luis Barrón 0-0: Foul Ball, location: 2F
0-1: Ball
1-1: SINGLE (Line Drive, 89S, EV 102.5 MPH)
Batting: RHB Ken Bell 0-0: Ball
1-0: Ball
2-0: Called Strike
2-1: Ball
3-1: Base on Balls
Luis Barrón to second
Batting: LHB Oliver Rivera 0-0: Ball
1-0: Ball
2-0: Foul Ball, location: 2F
2-1: Ball
3-1: Base on Balls
Luis Barrón to third
Ken Bell to second
Batting: RHB Joe von Hof 0-0: Swinging Strike
0-1: Foul Ball, location: 3F
0-2: Ball
1-2: Strikes out swinging
Top of the 5th over - 0 runs, 1 hit, 0 errors, 3 left on base; ACL New York (A) 7 - ACL Colorado 1
BOTTOM OF THE 5TH
ACL Colorado Rockies batting - Pitching for ACL New York (A) Yankees : LHP Josh Allen
Batting: RHB Cliff Mobley 0-0: Swinging Strike
0-1: Ball
1-1: Fly out, F8 (Flyball, 8RD, EV 98.8 MPH)
Batting: RHB Luis Penhascos 0-0: Ball
1-0: Called Strike
1-1: Swinging Strike
1-2: Ball
2-2: Ball
3-2: Ground out U3 (Groundball, 34, EV 109.4 MPH)
Batting: RHB Marcello Mansvelt 0-0: Fly out, F8 (Flyball, 89XD, EV 92.5 MPH)
Bottom of the 5th over - 0 runs, 0 hits, 0 errors, 0 left on base; ACL New York (A) 7 - ACL Colorado 1
TOP OF THE 6TH
ACL New York (A) Yankees batting - Pitching for ACL Colorado Rockies : RHP Jim Unknown
Batting: SHB Juan Castillo 0-0: Ball
1-0: Foul Ball, location: 2F
1-1: DOUBLE (Groundball, 5L, EV 104.4 MPH)
DELAY Rain delay of 16 minutes in the 6th inning.
Batting: RHB Steve Murray 0-0: Called Strike
0-1: Foul Ball, location: 9LMF
0-2: Strikes out swinging, 2-3 out at first.
Batting: RHB Tim Holloway 0-0: Ball
1-0: Ball
2-0: Ball
3-0: Called Strike
3-1: Foul Ball, location: 3SF
3-2: Hit by Pitch
Batting: RHB Ben Cook 0-0: Called Strike
0-1: Called Strike
0-2: Strikes out swinging
Batting: RHB Bob Kjeldsen 0-0: Ball
1-0: Called Strike
1-1: Called Strike
1-2: Foul Ball, location: 2F
1-2: Ball
2-2: Foul Ball, location: 9LDF
2-2: Strikes out looking
Top of the 6th over - 0 runs, 1 hit, 0 errors, 2 left on base; ACL New York (A) 7 - ACL Colorado 1
BOTTOM OF THE 6TH
ACL Colorado Rockies batting - Pitching for ACL New York (A) Yankees : LHP Josh Allen
Batting: RHB Luis Díaz 0-0: Ball
1-0: Ball
2-0: Called Strike
2-1: Swinging Strike
2-2: Fly out, F9 (Flyball, 9LSF, EV 80.6 MPH)
Pitching: RHP Jim Unknown
Batting: LHB Reginald Daniels 0-0: Swinging Strike
0-1: Foul Ball, location: 7LDF
0-2: Ball
1-2: Ball
2-2: Ball
3-2: Base on Balls
Batting: RHB Kevin Hutchison 0-0: Ball
1-0: Called Strike
1-1: Ball
Reginald Daniels is caught stealing 2nd base 2-4
2-1: Foul Ball, location: 23F
2-2: Ball
3-2: Base on Balls
Batting: RHB Jim Unknown 0-0: Ball
1-0: Ground out U3 (Groundball, 3, EV 88.8 MPH)
Bottom of the 6th over - 0 runs, 0 hits, 0 errors, 1 left on base; ACL New York (A) 7 - ACL Colorado 1
TOP OF THE 7TH
ACL New York (A) Yankees batting - Pitching for ACL Colorado Rockies : RHP Jim Unknown
Batting: RHB Luis Barrón 0-0: Ball
1-0: Swinging Strike
1-1: Ball
2-1: Ground out U3 (Groundball, 3L, EV 102.5 MPH)
Pitching: LHP Jim Unknown
Batting: RHB Ken Bell 0-0: Called Strike
0-1: Called Strike
0-2: Ball
1-2: Strikes out looking
Batting: LHB Oliver Rivera 0-0: Foul Ball, location: 3F
0-1: Ball
1-1: Foul Ball, location: 3FF
1-2: Foul Ball, location: 2F
1-2: Foul Ball, location: 2F
1-2: SOLO HOME RUN (Flyball, 9D, EV 96.9 MPH), Distance : 363 ft
Pinch Hitting: RHB Jim Unknown 0-0: Called Strike
0-1: Ball
1-1: Ball
2-1: Ball
3-1: Base on Balls
Batting: SHB Juan Castillo 0-0: Foul Ball, location: 7LSF
0-1: Swinging Strike
0-2: Strikes out swinging
Top of the 7th over - 1 run, 1 hit, 0 errors, 1 left on base; ACL New York (A) 8 - ACL Colorado 1
BOTTOM OF THE 7TH
ACL Colorado Rockies batting - Pitching for ACL New York (A) Yankees : RHP Jim Unknown
Now at 1B: Iván Guzmán
Batting: LHB Gus Edwards 0-0: Ball
1-0: Called Strike
1-1: Ball
2-1: Swinging Strike
2-2: Strikes out swinging, 2-3 out at first.
Batting: RHB Jeremy Collier 0-0: Called Strike
0-1: Ball
1-1: Ground out 6-3 (Groundball, 6, EV 86.9 MPH)
Pinch Hitting: RHB Jim Unknown 0-0: Foul Ball, location: 2F
0-1: Ball
1-1: SINGLE (Groundball, 34D, EV 106.9 MPH)
Batting: RHB Luis Penhascos 0-0: Foul Ball, location: 2F
0-1: Ball
1-1: Ball
2-1: Ball
Jim Unknown steals 2nd base (no throw)
3-1: Base on Balls
Pinch Hitting: RHB Jim Unknown 0-0: Foul Ball, location: 9LSF
0-1: Swinging Strike
0-2: Ball
1-2: Foul Ball, location: 2RF
1-2: Strikes out looking
Bottom of the 7th over - 0 runs, 1 hit, 0 errors, 2 left on base; ACL New York (A) 8 - ACL Colorado 1
TOP OF THE 8TH
ACL New York (A) Yankees batting - Pitching for ACL Colorado Rockies : LHP Jim Unknown
Now at 2B: Jim Unknown
Now in LF: Kevin Hutchison
Now in RF: Jim Unknown
Batting: RHB Steve Murray 0-0: Called Strike
0-1: Ground out 6-3 (Groundball, 6, EV 86.9 MPH)
Batting: RHB Tim Holloway 0-0: Ball
1-0: Swinging Strike
1-1: Ball
2-1: Swinging Strike
2-2: Ball
3-2: Base on Balls
Batting: RHB Ben Cook 0-0: Ball
1-0: Ball
2-0: Ball
3-0: Called Strike
3-1: Base on Balls
Tim Holloway to second
Batting: RHB Bob Kjeldsen 0-0: Ball
1-0: Ball
2-0: Foul Ball, location: 5FF
2-1: Called Strike
2-2: Foul Ball, location: 2F
2-2: Ball
3-2: Foul Ball, location: 9LSF
3-2: Strikes out looking
Batting: RHB Luis Barrón 0-0: Ball
1-0: Foul Ball, location: 2F
1-1: Fly out, F7 (Flyball, 78S, EV 84.4 MPH)
Top of the 8th over - 0 runs, 0 hits, 0 errors, 2 left on base; ACL New York (A) 8 - ACL Colorado 1
BOTTOM OF THE 8TH
ACL Colorado Rockies batting - Pitching for ACL New York (A) Yankees : RHP Jim Unknown
Batting: RHB Luis Díaz 0-0: Ball
1-0: Ball
2-0: Ball
3-0: Base on Balls
Pinch Hitting: SHB Jim Unknown 0-0: Ball
1-0: Called Strike
1-1: Called Strike
1-2: Fly out, F5 (Popup, 5SF, EV 75.6 MPH)
Batting: RHB Kevin Hutchison 0-0: Called Strike
0-1: Called Strike
0-2: Foul Ball, location: 2F
0-2: Ball
1-2: Strikes out swinging
Batting: RHB Jim Unknown 0-0: Ball
1-0: Foul Ball, location: 23F
1-1: Foul Ball, location: 2F
1-2: Ball
2-2: Foul Ball, location: 23FF
2-2: Fielders Choice at 2nd, 5-4 (Groundball, 56, EV 81.9 MPH)
Bottom of the 8th over - 0 runs, 0 hits, 0 errors, 1 left on base; ACL New York (A) 8 - ACL Colorado 1
TOP OF THE 9TH
ACL New York (A) Yankees batting - Pitching for ACL Colorado Rockies : LHP Jim Unknown
Now at 1B: Jim Unknown
Batting: RHB Ken Bell 0-0: Foul Ball, location: 2F
0-1: Ball
1-1: Ball
2-1: Ball
3-1: Called Strike
3-2: Base on Balls
Pinch Hitting: RHB Víctor Santos 0-0: Ball
1-0: Ball
2-0: Ball
3-0: Base on Balls
Ken Bell to second
Batting: RHB Iván Guzmán 0-0: Ball
1-0: Swinging Strike
1-1: Swinging Strike
1-2: Ball
2-2: Ball
3-2: Base on Balls
Ken Bell to third
Víctor Santos to second
Batting: SHB Juan Castillo 0-0: Foul Ball, location: 2F
0-1: GRAND SLAM HOME RUN (Flyball, 8LXD, EV 110.6 MPH), Distance : 427 ft
Pitching: LHP Jim Unknown
Batting: RHB Steve Murray 0-0: Ground out 6-3 (Groundball, 6, EV 87.5 MPH)
Batting: RHB Tim Holloway 0-0: Ball
1-0: SOLO HOME RUN (Flyball, 8LXD, EV 111.3 MPH), Distance : 446 ft
Pinch Hitting: RHB Virgil Williams 0-0: Ball
1-0: Called Strike
1-1: Ball
2-1: Ball
3-1: Base on Balls
Batting: RHB Bob Kjeldsen 0-0: Ball
1-0: Ball
2-0: Ball
3-0: Foul Ball, location: 2LF
3-1: Called Strike
3-2: Base on Balls
Virgil Williams to second
Pinch Hitting: RHB António Griseno 0-0: Called Strike
0-1: Called Strike
0-2: Hit by Pitch
Virgil Williams to third
Bob Kjeldsen to second
Batting: RHB Ken Bell 0-0: Called Strike
0-1: Ball
1-1: Foul Ball, location: 25FF
1-2: Strikes out looking
Batting: RHB Víctor Santos 0-0: Foul Ball, location: 5F
0-1: Ball
1-1: Ball
2-1: Fly out, F5 (Line Drive, 56, EV 63.8 MPH)
Top of the 9th over - 5 runs, 2 hits, 0 errors, 3 left on base; ACL New York (A) 13 - ACL Colorado 1
BOTTOM OF THE 9TH
ACL Colorado Rockies batting - Pitching for ACL New York (A) Yankees : RHP Jim Unknown
Now at 2B: Víctor Santos
Now at 3B: Juan Betancourt
Now in RF: António Griseno
Pinch Hitting: LHB Luis Ocasio 0-0: Swinging Strike
0-1: Ball
1-1: Called Strike
1-2: Foul Ball, location: 7LMF
1-2: DOUBLE (Line Drive, 78M, EV 101.9 MPH)
Pitching: LHP Jim Unknown
Batting: SHB José Sánchez 0-0: Ball
1-0: Ball
2-0: Foul Ball, location: 9LMF
2-1: Ball
3-1: Foul Ball, location: 9LDF
3-2: Base on Balls
Batting: RHB Jim Unknown 0-0: Fly out, F8 (Flyball, 8LM, EV 85.0 MPH)
Pinch Hitting: RHB Leonardo Córdova 0-0: Called Strike
0-1: Ball
1-1: Foul Ball, location: 7LSF
1-2: Foul Ball, location: 3SF
1-2: Strikes out swinging
Pinch Hitting: LHB Dominic Robinson 0-0: Ball
1-0: Ball
2-0: Swinging Strike
2-1: Ball
3-1: Base on Balls
Luis Ocasio to third
José Sánchez to second
Pinch Hitting: LHB Alfredo Mota 0-0: Ball
1-0: Ball
2-0: Ball
3-0: Base on Balls
Luis Ocasio scores
José Sánchez to third
Dominic Robinson to second
Pinch Hitting: LHB Colm Love 0-0: Ball
1-0: Fielders Choice at 2nd, 6-4 (Groundball, 6, EV 110.0 MPH)
Bottom of the 9th over - 1 run, 1 hit, 0 errors, 3 left on base; ACL New York (A) 13 - ACL Colorado 2
Friday, May 3rd , 2024 - OOTP Baseball 24.10 Build 82